 Dungeon Crawl Stone Soup version 0.28.0-53-g5a82cb258f (webtiles) character file.

Game seed: 4661801744460915071

187 PentaManta the Ruffian (level 5, -6/36 HPs)
             Began as an Octopode Abyssal Knight on June 15, 2022.
             Was a Believer of Lugonu.
             Mangled by a gnoll
             ... wielding a +0 spear
              (7 damage)
             ... on level 3 of the Dungeon.
             The game lasted 00:05:28 (2780 turns).

PentaManta the Ruffian (Octopode Abyssal Knight)    Turns: 2780, Time: 00:05:28

Health: -6/36      AC:  1    Str: 13    XL:     5   Next: 66%
Magic:  6/6        EV: 11    Int: 14    God:    Lugonu [**....]
Gold:   128        SH:  8    Dex: 12    Spells: 4/4 levels left

rFire   . . .      SeeInvis .     - Unarmed
rCold   . . .      Faith    .   m - +0 kite shield
rNeg    + . .      Spirit   .   e - +0 hat
rPois   .          Reflect  .   (no amulet)
rElec   .          Harm     .   f - ring of positive energy
rCorr   .          Rampage  .   (no ring)
Will    .....                   (no ring)
Stlth   ++........              (no ring)
HPRegen 0.12/turn               (no ring)
MPRegen 0.10/turn               (no ring)
                                (no ring)
                                (no ring)

@: no status effects
A: almost no armour, amphibious, 8 rings, camouflage 1, gelatinous body 1,
(nimble swimmer 1), tentacles
a: Renounce Religion, Depart the Abyss, Bend Space


You were on level 3 of the Dungeon.
You worshipped Lugonu.
Lugonu was pleased with you.
You visited 1 branch of the dungeon, and saw 4 of its levels.
You visited the Abyss 1 time.

You collected 128 gold pieces.

Inventory:

Armour
 e - a +0 hat (worn)
 k - a +0 tower shield
 m - a +0 kite shield (worn)
Magical Staves
 i - a staff of air
Jewellery
 f - a ring of positive energy (left tentacle)
 n - a ring of willpower
Wands
 o - a wand of flame (12)
Scrolls
 a - 2 scrolls of teleportation {unknown}
 d - 3 scrolls of identify {unknown}
 g - a scroll of silence {unknown}
 h - a scroll of vulnerability {unknown}
Potions
 b - 4 potions of mutation {unknown}
 c - 2 potions of attraction {unknown}
 j - 4 potions of heal wounds {unknown}
 l - a potion of flight {unknown}


   Skills:
 - Level 3.0 Fighting
 - Level 2.3 Dodging
 * Level 3.7 Shields
 - Level 4.1 Unarmed Combat
 - Level 2.0 Invocations


You had 4 spell levels left.
You didn't know any spells.
Your spell library contained the following spells:

 Spells                   Type           Power      Damage    Failure   Level
 Summon Small Mammal      Summ           0%         N/A       65%         1
 Blink                    Tloc           0%         N/A       78%         2
 Manifold Assault         Tloc           0%         N/A       100%        5
 Storm Form               Tmut/Air       0%         N/A       100%        7


Dungeon Overview and Level Annotations

Branches:
Dungeon (4/15)
 Temple: D:4-7

Altars:
Qazlal


Innate Abilities, Weirdness & Mutations

You cannot wear most types of armour.
You are amphibious.
You can wear up to eight rings at the same time.
Your skin changes colour to match your surroundings (Stealth+).
Your rubbery body absorbs attacks. (AC +1, EV +1)
((You are camouflaged when in or above water. (Stealth+)))
You have tentacles for arms and can constrict up to eight enemies at once.


Message History

A gnoll comes into view. It is wielding a +0 halberd.
Found a fizzy green potion.
The gnoll shouts!
You hear a shout!
A gnoll comes into view. It is wielding a +0 spear.
Unknown command.
You start waiting.
A gnoll is nearby!
A gnoll is nearby!
A gnoll is nearby!
There is a stone staircase leading up here.
Unknown command.
You block the gnoll's attack.
There is a stone staircase leading up here.
The gnoll hits you with a +0 spear. The gnoll hits you with a +0 whip!
You climb upwards.
There is a stone staircase leading down here.
You tentacle-slap the gnoll but do no damage.
You grab the gnoll.
You constrict the gnoll, but do no damage.
The gnoll completely misses you. You block the gnoll's attack.
You barely miss the gnoll. You grab the gnoll. Your squeeze misses the gnoll.
You constrict the gnoll. x2; The gnoll hits you with a +0 spear.
You block the gnoll's attack.
Unknown command.
You tentacle-slap the gnoll but do no damage.
You squeeze the gnoll.
The gnoll is heavily wounded.
You constrict the gnoll. x2; The gnoll hits you with a +0 spear.
The gnoll hits you with a +0 whip!
* * * LOW HITPOINT WARNING * * *
You tentacle-slap the gnoll but do no damage.
The gnoll is severely wounded.
You constrict the gnoll.
You constrict the gnoll, but do no damage.
The gnoll hits you with a +0 spear.
* * * LOW HITPOINT WARNING * * *
The gnoll hits you with a +0 whip.
* * * LOW HITPOINT WARNING * * *
The gnoll hits you with a +0 spear!
You die...

#..# #.####.## #..... ...#
#.##....#### ###.#### ...#
#.##.......# ###......# ...#
#.##.#..##.# #.....##.# ...#
#.......##.#####.#.#..... ...#
####.##............#.##.# ...#
#.......##.#####.###.##.# ...#
#.##.##g##.# #.###..... ...#
#.##....@..#####.....##.#
...######.##..#g###.....####.##.#
..........####..###.....####.##..
.............................###.
####..♣♣♣♣.._..♣♣♣♣..####........
...........................#####.
...########....#############.....
...# ####.## #.#### ...# #..# #.#


You could see 2 gnolls.

Vanquished Creatures
  A necrophage (D:3)
  An orc priest (D:4)
  2 adders
  A worm (D:2)
  5 orcs (D:3)
  4 bats
  4 endoplasms
  2 giant cockroaches
  A goblin (D:2)
  2 hobgoblins
  4 jackals (D:3)
  5 kobolds
  A quokka (D:3)
  9 ball pythons
  A frilled lizard (D:1)
  4 rats
47 creatures vanquished.

Notes
Turn   | Place    | Note
-------+----------+-------------------------------------------
     0 | Abyss:1  | PentaManta the Octopode Abyssal Knight began the quest for
                  | the Orb.
     0 | Abyss:1  | Reached XP level 1. HP: 16/16 MP: 2/2
     7 | D:1      | Escaped the Abyss
    88 | D:1      | Found a faded altar of an unknown god.
   109 | D:1      | Got Plato's Handbook of the Escort
   180 | D:1      | Reached XP level 2. HP: 17/21 MP: 3/3
   426 | D:1      | Reached skill level 3 in Unarmed Combat
   775 | D:2      | Reached XP level 3. HP: 20/26 MP: 4/4
   876 | D:2      | Reached ** piety under Lugonu
  1692 | D:3      | Reached skill level 4 in Unarmed Combat
  1724 | D:3      | Found a stormy altar of Qazlal.
  1794 | D:3      | Reached XP level 4. HP: 26/31 MP: 5/5
  2392 | D:4      | Noticed a necrophage
  2400 | D:3      | Killed a necrophage
  2401 | D:3      | Reached XP level 5. HP: 28/36 MP: 6/6
  2780 | D:3      | HP: 1/36 [gnoll/+0 whip (1)]
  2780 | D:3      | Mangled by a gnoll

Illustrated notes

Levels and vault maps discovered:
D:1:      dpeg_arrival_line_fractal, layout_rooms,
          shapermc_ecumenical_altar_rom_forum
D:2:      layout_basic, minmay_tree_intersection, columned_hall_lemuel
D:3:      layout_loops_cross, mainiacjoe_overflow_boulevard
D:4:      kennysheep_six_static_rooms, layout_loops_ring,
          ebering_ghost_reflecting_pool, serial_shops,
          nicolae_shop_hallway_plus, uniq_robin

Skill      XL: |  1  2  3  4 |
---------------+-------------+-----
Unarmed Combat | 3 4 |  4.1
Shields        | 3 |  3.7
Fighting       | |  3.0
Dodging        | |  2.3
Invocations    | |  2.0

Action                   |  1- 3 |  4- 6 || total
-------------------------+-------+-------++-------
Melee: Unarmed           |    79 |    33 ||   112
       Constrict         |    19 |     7 ||    26
       Tentacles         |     9 |     8 ||    17
       Punch             |     3 |     2 ||     5
 Stab: Sleeping          |     9 |     1 ||    10
Armor: Skin              |     6 |     4 ||    10
Dodge: Dodged            |    52 |    12 ||    64
Block: Tower shield      |       |     4 ||     4
       Kite shield       |       |    17 ||    17
